 Dungeon Crawl Stone Soup version 0.30-a0-439-g9e77e4d916 (webtiles) character file.

Game seed: 18191986672488678841

1334 porpoise the Cleaver (level 8, -1/67 (74) HPs)
             Began as a Hill Orc Monk on Dec 11, 2022.
             Was a Believer of Qazlal.
             Killed from afar by Maggie (9 damage)
             ... with a bolt of fire
             ... on level 6 of the Dungeon.
             The game lasted 00:18:21 (5204 turns).

porpoise the Cleaver (Hill Orc Monk)                Turns: 5204, Time: 00:18:22

HP:   -1/67 (74)    AC:  6    Str: 22    XL:     8   Next: 61%
MP:   11/11         EV: 11    Int: 10    God:    Qazlal [**....]
Gold: 425           SH:  2    Dex: 13    Spells: 7/7 levels left

rFire   + . .      SeeInvis .    a - +0 war axe
rCold   + . .      Faith    .    (no shield)
rNeg    . . .      Spirit   .    j - +1 ring mail {rC+}
rPois   .          Reflect  .    (no helmet)
rElec   .          Harm     .    (no cloak)
rCorr   .          Rampage  .    (no gloves)
Will    .....                    (no boots)
Stlth   +.........               (no amulet)
HPRegen 0.31/turn                c - +6 ring of strength
MPRegen 0.12/turn                q - ring of protection from fire

@: lethally poisoned (-1 -> -7), mesmerised, drained
A: no striking features
a: Renounce Religion, Upheaval


You were on level 6 of the Dungeon.
You worshipped Qazlal.
Qazlal was pleased with you.
You visited 2 branches of the dungeon, and saw 8 of its levels.

You collected 425 gold pieces.

Inventory:

Hand Weapons
 a - a +0 war axe (weapon)
 s - the +7 spear of Gloom {elec, rF+++ Int-4 Dex+3 Stlth+}
   (You found it on level 3 of the Dungeon)

   It occasionally discharges a powerful burst of electricity upon striking a
   foe.
   Int:       It affects your intelligence (-4).
   Dex:       It affects your dexterity (+3).
   rF:        It renders you almost immune to fire.
   Stlth:     It makes you more stealthy.
 y - a +1 trident of venom
Missiles
 b - a throwing net
 e - 9 poisoned darts (quivered)
 w - 3 atropa-tipped darts
 B - 2 javelins
 F - 6 boomerangs
Armour
 j - a +1 ring mail of cold resistance (worn)
 C - a +0 kite shield
Jewellery
 c - a +6 ring of strength (left hand)
 o - a ring of protection from cold
 q - a ring of protection from fire (right hand)
 G - a ring of willpower
Wands
 m - a wand of flame (13)
 D - a wand of charming (10)
Scrolls
 d - a scroll of summoning {unknown}
 f - a scroll of enchant armour {unknown}
 g - 6 scrolls of teleportation
 h - 2 scrolls of fear
 i - a scroll of noise
 u - a scroll of enchant weapon {unknown}
 A - a scroll of magic mapping {unknown}
Potions
 k - a potion of invisibility {unknown}
 l - a potion of haste {unknown}
 t - a potion of curing
 v - a potion of ambrosia
 x - 2 potions of flight {unknown}
 z - 3 potions of lignification
 E - 2 potions of mutation {unknown}


   Skills:
 + Level 8.0 Fighting
 + Level 10.5 Axes
 - Level 2.4 Dodging
 - Level 1.5 Stealth
 + Level 4.5 Invocations


You had 7 spell levels left.
You didn't know any spells.
Your spell library contained the following spells:

 Spells                   Type           Power      Damage    Failure   Level
 Sandblast                Erth           0%         2d4       52%         1
 Passwall                 Tmut/Erth      0%         N/A       67%         2
 Dazzling Flash           Conj/Hex       0%         N/A       88%         3
 Ignite Poison            Fire/Tmut/Pois 0%         N/A       88%         3
 Kindle Blastsparks       Fire/Tloc/Air  0%         2d10      88%         3
 Stone Arrow              Conj/Erth      0%         3d7       88%         3
 Iskenderun's Mystic Bla  Conj/Tloc      0%         2d3       99%         4
 Freezing Cloud           Conj/Ice/Air   0%         6-21      100%        5
 Yara's Violent Unravell  Hex/Tmut       0%         3d3       100%        5
 Starburst                Conj/Fire      0%         6d3       100%        6
 Statue Form              Tmut/Erth      0%         N/A       100%        6
 Haunt                    Necr/Summ      0%         N/A       100%        7


Dungeon Overview and Level Annotations

Branches:
Dungeon (7/15)             Temple (1/1) D:5

Altars:
Cheibriados
Fedhas
Gozag
Hepliaklqana
Kikubaaqudgha
Makhleb
Okawaru
Qazlal
Ru
Trog
Uskayaw
Vehumet
Xom
Yredelemnul
Zin
The Shining One

Shops:
D:2 (   D:4 *   D:5 :

Portals:
Abyss: D:3

Annotations:
D:3 1 transporter, whiskeysaurus's ghost, amateur MiFi
D:6 Maggie


Message History

You feel drained.
* * * LOW HITPOINT WARNING * * *
The water moccasin bites you.
* * * LOW HITPOINT WARNING * * *
You are lethally poisoned!
The water moccasin poisons you!
You feel better. You block the water moccasin's attack.
Maggie says, "Did Master Lance send you?"
Maggie misses you.
You feel much better. The water moccasin barely misses you.
Maggie gestures wildly while chanting.
Maggie draws you further into her thrall.
The water moccasin bites you.
You are poisoned.
The water moccasin poisons you!
You hit Maggie.
Maggie is moderately wounded.
You barely miss the water moccasin.
You feel very sick. The water moccasin barely misses you.
Maggie hits you with a +1 war axe of draining!
You feel drained.
* * * LOW HITPOINT WARNING * * *
You slash Maggie!
Maggie is moderately wounded.
You barely miss the water moccasin.
You feel very sick. The water moccasin closely misses you.
Maggie hits you with a +1 war axe of draining.
* * * LOW HITPOINT WARNING * * *
You feel drained.
* * * LOW HITPOINT WARNING * * *
You hit Maggie.
Maggie is heavily wounded.
You completely miss the water moccasin.
* * * LOW HITPOINT WARNING * * *
You feel sick. The water moccasin closely misses you.
Maggie gestures at you while chanting. The bolt of fire hits you! You resist.
You die...

......# ^....... #.# #####..
....... #.### ### ...... #....
..# .....# ##### #.# #....# #
#.# #.##@# ### # #.###### #
#F##.# ..# # #......#
#..##S##.### #.# #.# # ######.#
#.....@@...# #.# #.# # ...# #.#
#..#######.# #.###.## #
##.###.# ##.....)...#
#.##...###
[......#####.#.###.#.#
#.#.#.#.##
##)###.......#....!#.#
#.#.......
#.###.#####.#.._..#.#
#.#.#.#.##
##...........#.....#.#
#.#....##
.......#####.#.###.#.###.#.#.##
######.....................#.#


You could see Maggie (mesmerising), a water moccasin and a bullfrog.

Vanquished Creatures
  A hornet (D:6)
  Menkaure (D:7)
  2 ice beasts
  A black bear (D:5)
  A centaur (D:5)
  A phantom (D:6)
  A scorpion (D:4)
  A gnoll sergeant (D:5)
  3 hounds
  An orc priest (D:3)
  2 iguanas
  2 orc wizards (D:6)
  Terence (D:3)
  6 gnolls
  4 adders
  A shadow imp (D:6)
  2 white imps (D:5)
  2 ufetubi
  3 worms
  A dart slug (D:3)
  12 orcs
  7 ball pythons
  6 endoplasms
  A giant cockroach (D:4)
  3 goblins
  8 hobgoblins
  12 jackals
  6 quokkas
  3 bats
  A frilled lizard (D:2)
  4 kobolds
  4 rats
104 creatures vanquished.

Vanquished Creatures (others)
  2 plants (D:3)
2 creatures vanquished.

Grand Total: 106 creatures vanquished

Notes
Turn   | Place    | Note
-------+----------+-------------------------------------------
     0 | D:1      | porpoise the Hill Orc Monk began the quest for the Orb.
     0 | D:1      | Reached XP level 1. HP: 19/19 MP: 1/1
   194 | D:1      | Reached XP level 2. HP: 26/27 MP: 2/2
   511 | D:1      | Reached skill level 5 in Axes
   611 | D:1      | Reached XP level 3. HP: 31/33 MP: 3/3
  1342 | D:2      | Found Laekkof's Weapon Shoppe.
  1374 | D:2      | Got the Spellbook of Summoning and Changing
  1535 | D:3      | Noticed Terence
  1544 | D:3      | Reached XP level 4. HP: 20/41 MP: 4/4
  1550 | D:3      | Killed Terence
  1551 | D:3      | Reached skill level 6 in Axes
  1671 | D:3      | Reached XP level 5. HP: 39/47 MP: 5/5
  1725 | D:3      | Noticed a small abomination
  1730 | D:3      | Noticed whiskeysaurus's ghost (amateur MiFi)
  2058 | D:3      | Reached skill level 5 in Fighting
  2123 | D:3      | Identified the +7 spear of Gloom {elec, rF+++ Int-4 Dex+3
                  | Stlth+}
  2236 | D:3      | Found a transporter.
  2240 | D:3      | Noticed a kobold brigand
  2243 | D:3      | Found a one-way gate to the infinite horrors of the Abyss.
  2510 | D:3      | Noticed an ancient zyme
  2657 | D:3      | Noticed a small abomination
  2679 | D:4      | Reached skill level 7 in Axes
  2679 | D:4      | Reached XP level 6. HP: 48/56 MP: 6/6
  2944 | D:4      | You fall into a shaft and drop 3 floors!
  2991 | D:7      | Noticed Menkaure
  2995 | D:7      | Killed Menkaure
  2996 | D:7      | Reached skill level 8 in Axes
  3147 | D:6      | Reached XP level 7. HP: 56/63 MP: 7/7
  3331 | D:5      | Entered Level 5 of the Dungeon
  3375 | D:4      | Found Hoguy's Gadget Gallery.
  3722 | D:5      | Reached skill level 9 in Axes
  4022 | D:5      | Found a staircase to the Ecumenical Temple.
  4031 | Temple   | Entered the Ecumenical Temple
  4191 | Temple   | Became a worshipper of Qazlal Stormbringer
  4191 | Temple   | Reached * piety under Qazlal
  4191 | Temple   | Reached ** piety under Qazlal
  4292 | D:5      | Reached skill level 1 in Invocations
  4594 | D:5      | Found Luirrier's Book Shoppe.
  4668 | D:5      | Found an opulent altar of Gozag.
  4669 | D:5      | Found a bloodstained altar of Trog.
  4681 | D:5      | Reached XP level 8. HP: 69/73 MP: 9/9
  4692 | D:5      | Found a glowing silver altar of Zin.
  4692 | D:5      | Found an ancient bone altar of Kikubaaqudgha.
  4695 | D:5      | Found a sacrificial altar of Ru.
  4697 | D:5      | Found a hide-covered altar of Uskayaw.
  4779 | D:5      | Found a shimmering altar of Xom.
  4894 | D:6      | Reached skill level 10 in Axes
  5038 | D:6      | Noticed a hornet
  5050 | D:6      | Killed a hornet
  5157 | D:6      | Found a blossoming altar of Fedhas.
  5183 | D:6      | Noticed Maggie
  5204 | D:6      | Killed from afar by Maggie

Illustrated notes

Levels and vault maps discovered:
D:1:      eino_arrival_cavern_d, layout_loops_ring, minmay_misc_feat_pillars,
          minmay_crystal_room, minmay_liquid_box
D:2:      layout_loops_ring, serial_shops,
          nicolae_shop_temple_entry_statues_fountains
D:3:      layout_basic, gammafunk_ghost_abyssal_escape, corexii_shack,
          saegor_snake_ambush, uniq_terence
D:4:      layout_basic, nicolae_shop_gadgets
D:5:      layout_rooms, grunt_temple_overflow_open,
          lemuel_coloured_pillars_altar, minmay_temple_entry_glassed_door,
          serial_shops, shop_statue, serial_glass, glass_columns_a,
          glass_columns_c, glass_columns_a, glass_columns_c, glass_columns_a,
          glass_columns_a, glass_columns_a, glass_columns_a,
          chequers_serial_rivers_small_a
D:6:      layout_loops_ring, mainiacjoe_overflow_cross_hatched, serial_shops,
          nicolae_shop_overgrown_old_shop, kennysheep_small_circle, uniq_maggie,
          uniq_prince_ribbit1
D:7:      layout_basic, nicolae_sextant, kennysheep_decorative_pillar,
          uniq_menkaure
Temple:   hellmonk_temple_flake

Skill      XL: |  1  2  3  4  5  6  7  8 |
---------------+-------------------------+-----
Fighting       | 4 5 6 7 8 |  8.0
Axes           | 5 6 7 8 9 10 | 10.5
Invocations    | 2 4 |  4.5
Dodging        | |  2.4
Stealth        | |  1.5

Action                   |  1- 3 |  4- 6 |  7- 9 || total
-------------------------+-------+-------+-------++-------
Melee: Hand axe          |    80 |       |    15 ||    95
       Punch             |     4 |     1 |     1 ||     6
       War axe           |    45 |    76 |    83 ||   204
Throw: Dart              |       |       |    16 ||    16
Evoke: Wand              |       |     4 |       ||     4
  Use: Scroll            |     1 |     1 |     4 ||     6
       Potion            |       |     2 |     3 ||     5
Armor: Robe              |     9 |       |       ||     9
       Ring mail         |    25 |    24 |    26 ||    75
Dodge: Dodged            |    68 |    42 |    56 ||   166
Block: Other             |       |       |     5 ||     5

Table legend: (Time is in decaauts)
 A = Elapsed time spent in this place.
 B = Non-inter-level travel time spent in this place.
 C = Inter-level travel time spent in this place.
 D = Time resting spent in this place.
 E = Time spent auto-exploring this place.
 F = Levels seen in this place.
 G = Mean time per level.
                   A        B        C        D        E       F      G
               +--------+--------+--------+--------+--------+-----+--------+
         Total |   5252 |   5074 |    178 |   1016 |   2953 |   8 |  656.5 |
       Dungeon |   5081 |   4914 |    167 |   1016 |   2822 |   7 |  725.9 |
        Temple |    171 |    160 |     11 |      0 |    131 |   1 |  171.0 |
               +--------+--------+--------+--------+--------+-----+--------+

Top non-repeatable levels by time:
     D:3: 1172 daAuts
     D:5: 1050 daAuts
     D:1: 839 daAuts
     D:2: 698 daAuts
     D:6: 596 daAuts
     D:4: 558 daAuts
  Temple: 171 daAuts
     D:7: 165 daAuts
